 Dungeon Crawl Stone Soup version 0.17-a0-1830-g81820eb (webtiles) character file.

17682 4thArraOfDagon the Grappler (level 12, -6/109 HPs)
             Began as a Troll Chaos Knight on Sept 13, 2015.
             Was a Believer of Cheibriados.
             Mangled by a white ugly thing (35 damage)
             ... on level 13 of the Dungeon.
             The game lasted 00:22:30 (4154 turns).

4thArraOfDagon the Grappler (Troll Chaos Knight)    Turns: 4154, Time: 00:22:30

Health: -6/109     AC: 12    Str: 27    XL:     12   Next: 21%
Magic:  19/24      EV: 15    Int: 20    God:    Cheibriados [**....]
Gold:   540        SH:  0    Dex: 17    Spells: 0 memorised, 11 levels left

rFire  . . .     SeeInvis .       - Unarmed
rCold  . . .     Clarity  .     a - +2 robe
rNeg   . . .     SustAt   .     (no shield)
rPois  .         Gourm    +     (helmet restricted)
rElec  .         Spirit   .     u - +2 cloak
rCorr  .         Warding  .     (gloves unavailable)
rMut   .         Stasis   .     (boots unavailable)
MR     .....                    (no amulet)
Stlth  ++........               k - ring of magical power
                                c - +4 ring of dexterity

@: very slow, not resistant to hostile enchantments, unstealthy
A: unfitting armour, claws 3, yellow scales 1, blink, clever 1, clumsy 1, fast
metabolism 3, frail 1, gourmand, regeneration 2, shaggy fur 1, tough skin 2,
weak 1
a: Blink, Bend Time, Renounce Religion


You were on level 13 of the Dungeon.
You worshipped Cheibriados.
Cheibriados was pleased with you.
You were very full.

You visited 2 branches of the dungeon, and saw 16 of its levels.
You also visited: Bailey.

You collected 540 gold pieces.

Inventory:

Hand weapons
 j - a -2 giant spiked club
Missiles
 l - 9 javelins
 v - a large rock (quivered)
 w - a throwing net
 y - 3 exploding tomahawks
 E - 4 tomahawks of dispersal
Armour
 a - a +2 robe (worn)
 q - the +7 plate armour of the Many Gods {-Cast rC- Str+10 Int+3, unknown}
   (You found it on level 7 of the Dungeon)

   It affects your strength (+10).
   It affects your intelligence (+3).
   It makes you vulnerable to cold.
   It prevents spellcasting.
 u - a +2 cloak (worn)
Jewellery
 c - a +4 ring of dexterity (left claw)
 k - a ring of magical power (right claw)
Magical devices
 o - a wand of polymorph (8)
 p - a wand of draining (10)
 C - a wand of frost (32)
Scrolls
 d - 5 scrolls of remove curse {unknown}
 e - a scroll of amnesia {unknown}
 f - a scroll of teleportation
 g - 4 scrolls of identify
 h - 3 scrolls of enchant weapon
 m - a scroll of immolation {unknown}
 z - a scroll of random uselessness {unknown}
 D - a scroll of fear
Potions
 r - a potion of haste
 t - a potion of poison
 B - a potion of flight
Miscellaneous
 s - a fan of gales
Comestibles
 b - 8 bread rations
 i - 2 beef jerkies
 n - 4 fruits
 x - 2 meat rations
 A - 3 chunks of flesh


   Skills:
 + Level 8.4 Fighting
 + Level 8.0 Dodging
 * Level 13.2 Unarmed Combat
 + Level 6.3 Invocations
 + Level 2.6 Evocations


You had 11 spell levels left.
You didn't know any spells.

Dungeon Overview and Level Annotations

Branches:
Dungeon (15/15)            Temple (1/1) D:6             Orc (0/4) D:9
 Vaults (0/5) D:13
   Lair: D:8-11      Depths: D:15

Altars:
Ashenzari
Cheibriados
Dithmenos
Fedhas
Kikubaaqudgha
Makhleb
Nemelex Xobeh
Qazlal
Ru
Sif Muna
Trog
Vehumet
Xom
Zin
The Shining One
Lugonu

Shops:
D:9 (

Annotations:
D:5 Eustachio
D:9 1 runed door
D:13 exclusion: upstairs


Innate Abilities, Weirdness & Mutations

You are too large for most types of armour.
You have claws for hands.
Your metabolism is lightning-fast.
You like to eat raw meat.
You heal very quickly.
You are covered in fur (AC +1).
You have very tough skin (AC +2).
You are partially covered in yellow scales (AC +2).
You can translocate small distances at will.
Your mind is acute. (Int +2)
You are clumsy. (Dex -2)
You are frail (-10% HP).
You are weak. (Str -2)


Message History

The white ugly thing gores you. The white ugly thing freezes you!!
You completely miss the white ugly thing.
Your claw misses the white ugly thing.
The white ugly thing is lightly wounded.
You mangle the white ugly thing!!
The white ugly thing is moderately wounded.
The white ugly thing gores you but does no damage.
You scratch the white ugly thing. Your claw misses the white ugly thing.
The white ugly thing is heavily wounded.
The white ugly thing gores you! The white ugly thing freezes you!
* * * LOW HITPOINT WARNING * * *
You are too injured to fight recklessly!
You are too injured to fight recklessly!
You are too injured to fight recklessly!
You mangle the white ugly thing!!
The white ugly thing is severely wounded.
The white ugly thing gores you.
* * * LOW HITPOINT WARNING * * *
The white ugly thing freezes you!!
You die...

#,.........,,,,'.#,,,,*,,*
#,!........,,,,#.#,,,,*,,*
#,.........,,,,#.#+####.,*
#,.$........,,,#....(.O.,*
#,,,,,,,,,,,,,,#...O....,*
,,,,,,,,,,,,,,,#....OO..,*
***,,,,,,,,,,,,#O#****,,,*
,,*,,,,,,>,,,,,#u#...#,,,*
.,*,,,,,,,,,,,,#@#...#,,,*
..#####+########.#...#...#
.................#...#...#
.................#...#...#
.................#...#...#
.................#...#...#
****#............#'###...#
#....................#
#.................)..#


You could see a white ugly thing and an ogre.

Vanquished Creatures
  A great orb of eyes (D:13)
  An ogre mage (D:13)
  A centaur warrior (D:13)
  Urug (D:12)
  A giant orange brain (shapeshifter) (D:13)
  6 hill giants
  A manticore (D:14)
  3 ugly things
  4 cyclopes
  Maurice (D:9)
  A centaur zombie (D:10)
  A gargoyle (D:12)
  2 two-headed ogres
  A merfolk (D:10)
  2 trolls (D:12)
  Grinder (D:6)
  9 slime creatures
  4 yaks (D:10)
  2 vampires
  A wraith (D:14)
  2 vampire mosquitoes (D:13)
  A deep elf mage (D:11)
  A basilisk (D:15)
  A black bear (D:10)
  5 orc warriors
  4 ice beasts
  3 sky beasts
  3 ogres
  A phantom (D:10)
  A centaur (D:8)
  A brain worm (D:13)
  A scorpion (D:6)
  4 giant frogs
  6 killer bees (D:9)
  3 quasits
  2 crimson imps
  5 hounds
  3 wights (D:14)
  3 jellies
  6 orc priests
  3 orc wizards
  An iron imp (D:8)
  5 worker ants
  An iguana (D:9)
  2 sheep (D:12)
  4 adders
  5 shadow imps
  An ooze (D:1)
  An adder zombie (D:5)
  2 giant geckos (D:10)
  36 orcs
  A giant cockroach (D:2)
  A hobgoblin (D:2)
  5 jackals (D:6)
  A bat (D:1)
  A giant gecko skeleton (D:6)
  A giant gecko zombie (D:7)
  3 giant newts
  5 quokkas
  A rat (D:1)
180 creatures vanquished.

Vanquished Creatures (others)
  An orc (D:9)
  6 fungi (D:12)
  3 plants (D:12)
10 creatures vanquished.

Grand Total: 190 creatures vanquished

Notes
Turn   | Place    | Note
--------------------------------------------------------------
     0 | D:1      | 4thArraOfDagon the Troll Chaos Knight began the quest for the Orb.
     0 | D:1      | Reached XP level 1. HP: 22/22 MP: 0/0
    27 | D:1      | XOM: divination: magic mapping
    77 | D:1      | You fall through a shaft!
    88 | D:2      | Reached XP level 2. HP: 29/29 MP: 1/1
   128 | D:2      | XOM: summons 2 friendly demons
   234 | D:4      | Reached XP level 3. HP: 33/36 MP: 2/2
   315 | D:4      | XOM: enchant monster (bad)
   331 | D:4      | Reached skill level 4 in Unarmed Combat
   331 | D:4      | Reached XP level 4. HP: 29/44 MP: 3/3
   352 | D:5      | Entered Level 5 of the Dungeon
   453 | D:5      | Noticed Eustachio
   504 | D:5      | Found a stormy altar of Qazlal.
   505 | D:5      | Found a glowing silver altar of Zin.
   538 | D:4      | Found a shattered altar of Ashenzari.
   622 | D:5      | Reached XP level 5. HP: 29/53 MP: 4/4
   638 | D:5      | XOM: confuse monster(s)
   703 | D:6      | Reached skill level 5 in Unarmed Combat
   713 | D:6      | XOM: divination: detect creatures
   728 | D:6      | Reached XP level 6. HP: 40/61 MP: 5/5
   775 | D:6      | Found a staircase to the Ecumenical Temple.
   889 | D:6      | Noticed Grinder
   896 | D:6      | Killed Grinder
   896 | D:6      | Reached skill level 6 in Unarmed Combat
   896 | D:6      | Reached XP level 7. HP: 53/68 MP: 6/6
   923 | Temple   | Entered the Ecumenical Temple
  1118 | D:7      | XOM: harmless Summ miscast
  1173 | D:7      | Got a brightly glowing plate armour
  1231 | D:7      | XOM: cast spell 'Summon Butterflies'
  1274 | D:7      | XOM: summons 3 friendly demons
  1291 | D:7      | You fall through a shaft!
  1291 | D:10     | Entered Level 10 of the Dungeon
  1327 | D:10     | Noticed a centaur zombie
  1338 | D:10     | XOM: swap monsters
  1339 | D:10     | Killed a centaur zombie
  1339 | D:10     | Reached skill level 7 in Unarmed Combat
  1339 | D:10     | Reached XP level 8. HP: 70/79 MP: 7/7
  1358 | D:10     | XOM: summons 2 friendly demons
  1383 | D:10     | Noticed a yak
  1383 | D:10     | Noticed a deep elf mage
  1384 | D:10     | Noticed a smoke demon
  1384 | D:10     | a ynoxinul changed into a smoke demon
  1384 | D:10     | XOM: polymorph ynoxinul -> smoke demon
  1403 | D:9      | XOM: enchant monster (good)
  1405 | D:9      | Found a sacrificial altar of Ru.
  1425 | D:9      | XOM: summons friendly crimson imp
  1432 | D:9      | Reached skill level 8 in Unarmed Combat
  1433 | D:9      | Reached skill level 5 in Fighting
  1517 | D:9      | Noticed a two-headed ogre
  1521 | D:9      | Killed a two-headed ogre
  1521 | D:9      | Reached skill level 5 in Dodging
  1527 | D:9      | Found a runed door.
  1538 | D:9      | Reached skill level 9 in Unarmed Combat
  1538 | D:9      | Reached XP level 9. HP: 67/88 MP: 8/8
  1557 | D:9      | Gained mutation: You are clumsy. (Dex -2) [mutagenic meat]
  1558 | D:9      | Gained mutation: You are partially covered in yellow scales (AC +2). [mutagenic meat]
  1559 | D:9      | Gained mutation: You are weak. (Str -2) [mutagenic meat]
  1560 | D:9      | Gained mutation: You are frail (-10% HP). [mutagenic meat]
  1567 | D:9      | Found Wauke's Weapon Shoppe.
  1569 | D:9      | Found a staircase to the Orcish Mines.
  1574 | D:9      | XOM: enchant monster (good)
  1584 | D:9      | XOM: cast spell 'Dispersal'
  1588 | D:9      | XOM: confuse monster(s)
  1629 | D:9      | XOM: smoke on damage
  1674 | D:9      | Found a shimmering altar of Xom.
  1675 | D:9      | Noticed Maurice
  1697 | D:9      | Found a blossoming altar of Fedhas.
  1724 | D:9      | Killed Maurice
  1777 | D:8      | Found a snail-covered altar of Cheibriados.
  1781 | D:8      | Fell from the grace of Xom
  1781 | D:8      | Became a worshipper of Cheibriados the Contemplative
  1811 | D:8      | You fall through a shaft!
  1903 | D:10     | Reached skill level 1 in Invocations
  1976 | D:10     | Noticed a hill giant
  1990 | D:10     | Killed a hill giant
  1990 | D:10     | Reached skill level 10 in Unarmed Combat
  2066 | D:10     | XOM: mild Trmt miscast
  2088 | D:10     | Acquired Cheibriados's first power
  2174 | D:10     | Noticed a yak
  2175 | D:10     | Noticed a yak
  2176 | D:10     | Noticed a yak
  2183 | D:10     | Killed a yak
  2183 | D:10     | Reached XP level 10. HP: 90/90 MP: 10/10
  2186 | D:10     | Killed a yak
  2192 | D:10     | Killed a yak
  2195 | D:10     | Killed a yak
  2198 | D:10     | XOM: medium Ice miscast
  2265 | D:10     | Noticed a merfolk
  2271 | D:10     | Killed a merfolk
  2383 | D:11     | Noticed a deep elf mage
  2400 | D:11     | Killed a deep elf mage
  2472 | D:11     | XOM: summons 10 hostile demons
  2580 | D:12     | Noticed a hill giant
  2585 | D:12     | Noticed a cyclops
  2586 | D:12     | Reached skill level 11 in Unarmed Combat
  2591 | D:12     | Killed a hill giant
  2595 | D:12     | Killed a cyclops
  2613 | D:12     | Noticed a purple ugly thing
  2621 | D:12     | Killed a purple ugly thing
  2639 | D:12     | Found a blossoming altar of Fedhas.
  2761 | D:12     | Noticed a cyclops
  2783 | D:12     | Killed a cyclops
  2815 | D:12     | Found a deep blue altar of Sif Muna.
  2827 | D:12     | Reached XP level 11. HP: 94/98 MP: 13/13
  2914 | D:12     | Noticed a hill giant
  2928 | D:12     | Killed a hill giant
  2993 | D:12     | Acquired Cheibriados's second power
  3022 | D:13     | Noticed Urug
  3034 | D:12     | Killed Urug
  3034 | D:12     | Reached skill level 12 in Unarmed Combat
  3111 | D:13     | Found a gate to the Vaults.
  3111 | D:13     | Noticed a hill giant
  3145 | D:13     | Reached skill level 5 in Invocations
  3174 | D:13     | Found a flagged portal.
  3184 | Bailey   | Entered a bailey
  3208 | D:13     | Noticed a hill giant
  3214 | D:13     | Killed a hill giant
  3245 | D:13     | Noticed a centaur warrior
  3308 | D:13     | Noticed a giant orange brain
  3310 | D:13     | Killed a giant orange brain
  3344 | D:15     | Entered Level 15 of the Dungeon
  3430 | D:15     | Gained mutation: You can translocate small distances at will. [mutagenic meat]
  3431 | D:15     | Gained mutation: You are very weak. (Str -4) [mutagenic meat]
  3458 | D:15     | Reached skill level 1 in Evocations
  3755 | D:14     | XOM: medium Summ miscast
  3850 | D:13     | Killed a centaur warrior
  3967 | D:13     | Noticed a hill giant
  3968 | D:13     | Noticed a great orb of eyes
  3970 | D:13     | Paralysed by a great orb of eyes for 7 turns
  3986 | D:13     | Killed a great orb of eyes
  3986 | D:13     | Reached XP level 12. HP: 89/108 MP: 15/15
  3991 | D:13     | Killed a hill giant
  3991 | D:13     | Reached skill level 13 in Unarmed Combat
  4063 | D:13     | Noticed a hill giant
  4065 | D:13     | Noticed a phantasmal warrior
  4070 | D:13     | Killed a hill giant
  4082 | D:13     | Noticed an ogre mage
  4126 | D:13     | Gained mutation: Your mind is acute. (Int +2) [potion of mutation]
  4126 | D:13     | Lost mutation: You are very weak. (Str -4) [potion of mutation]
  4145 | D:13     | Killed an ogre mage
  4154 | D:13     | Mangled by a white ugly thing

Vault maps used:
D:1:      roderic_chinese_lattice_arrival
D:2:      nicolae_gozag_seed_capital, lemuel_crystal_altar, first_bread
D:3:      elyvilon_altar_1, uniq_jessica, uniq_iyjb
D:4:      cheibrodos_ashenzari_chains, lemuel_blue_sif_altar,
          minmay_misc_feat_encased, kennysheep_generic_room_13,
          uniq_crazy_yiuf_cottage, uniq_pikel
D:5:      minitemple, eino_small_chamber_without_monster, uniq_eustachio
D:6:      temple_doors_c, portal_sewer_entry_f, uniq_grinder
D:7:      minivault_23, nicolae_lava_and_water, kennysheep_windowed_goal
D:8:      slow_altar_2
D:9:      lemuel_insect_pit, kennysheep_mini_moat, grunt_temple_overflow_open,
          okawaru_ov_weapons_minmay, lair_0_dummy, orc_david_3,
          hangedman_abyss_or_decor_lesser_grid, wad_dig_loot, uniq_maurice
D:10:     hangedman_fish_farm
D:11:     serial_shops, shop
D:12:     basic_altar, fedhas_altar_3
D:13:     evilmike_horseshoe, david_vaults_1, enter_bailey_2, uniq_urug
D:14:     minmay_staircase_statues
D:15:     gammafunk_enter_depths_forms, hangedman_decor_diamond_cutter,
          grunt_ministairs_8, minmay_misc_feat_x
Temple:   corrupted_temple
Bailey:   bailey_polearm_4, bailey

Action                   |  1- 3 |  4- 6 |  7- 9 | 10-12 || total
-------------------------+-------+-------+-------+-------++-------
Melee: Unarmed           |    53 |    78 |   250 |   284 ||   665
Throw: Large rock        |       |     4 |     4 |    55 ||    63
       Javelin           |       |       |     1 |       ||     1
Invok: Temporal Distorti |       |       |       |     9 ||     9
Evoke: Wand              |       |       |       |     2 ||     2
  Use: Potion            |     1 |       |     2 |     4 ||     7
       Scroll            |       |       |       |    12 ||    12
 Stab: Invisible         |       |       |     6 |       ||     6
       Confused          |       |       |     2 |       ||     2
  Eat: Chunk             |     7 |     6 |    17 |    15 ||    45
